 Dungeon Crawl Stone Soup version 0.29-a0-409-gd843f3a48c (webtiles) character file.

Game seed: 10428137932618625225

39 sammy202020 the Skirmisher (level 3, -1/29 HPs)
             Began as a Demonspawn Berserker on May 13, 2022.
             Was a Follower of Trog.
             Slain by Terence
             ... wielding a +0 mace of holy wrath
              (4 damage)
             ... on level 2 of the Dungeon.
             The game lasted 00:02:16 (1408 turns).

sammy202020 the Skirmisher (Demonspawn Berserker)   Turns: 1408, Time: 00:02:16

Health: -1/29      AC: 10    Str: 17    XL:     3   Next: 26%
Magic:  3/3        EV:  5    Int: 10    God:    Trog [*.....]
Gold:   63         SH:  0    Dex: 12    Spells: 2/2 levels left

rFire   . . .      SeeInvis .   a - +0 hand axe
rCold   . . .      Faith    .   (no shield)
rNeg    . . .      Spirit   .   e - +0 plate armour
rPois   .          Reflect  .   (no helmet)
rElec   .          Harm     .   (no cloak)
rCorr   .          Rampage  .   (no gloves)
Will    .....                   (no boots)
Stlth   ..........              (no amulet)
HPRegen 0.09/turn               (no ring)
MPRegen 0.08/turn               (no ring)

@: no status effects
A: powered by pain 1, spiny 1
a: Renounce Religion, Berserk


You were on level 2 of the Dungeon.
You worshipped Trog.
Trog was aware of your devotion.
You visited 1 branch of the dungeon, and saw 2 of its levels.

You collected 63 gold pieces.

Inventory:

Hand Weapons
 a - a +0 hand axe (weapon)
Armour
 e - a +0 plate armour (worn)
 f - a +0 kite shield
Scrolls
 c - a scroll of identify
Potions
 b - a potion of heal wounds
 d - a potion of haste {unknown}


   Skills:
 * Level 3.5 Fighting
 * Level 3.1 Axes
 + Level 2.1 Armour
 + Level 2.1 Dodging


You had 2 spell levels left.
You didn't know any spells.
Your spell library was empty.

Dungeon Overview and Level Annotations

Branches:
Dungeon (2/15)

Altars:
Yredelemnul

Shops:
D:1 :

Annotations:
D:2 1 runed translucent door, Crazy Yiuf, Terence


Innate Abilities, Weirdness & Mutations

You sometimes gain a little power by taking damage.
You are partially covered in sharp spines.


Message History

You convulse.
You hit Terence.
Terence is moderately wounded.
Terence hits you but does no damage.
You hit Terence but do no damage.
Terence is moderately wounded.
Terence barely misses you.
You hit Terence but do no damage.
Terence is moderately wounded.
Terence hits you but does no damage.
Terence hits you with a +0 mace of holy wrath.
You convulse.
You are too injured to fight recklessly!
You are too injured to fight recklessly!
You are too injured to fight recklessly!
You are too injured to fight recklessly!
You are too injured to fight recklessly!
You are too injured to fight recklessly!
You are too injured to fight recklessly!
You are too injured to fight recklessly!
You are too injured to fight recklessly!
You are too injured to fight recklessly!
You are too injured to fight recklessly!
You are too injured to fight recklessly!
You are too injured to fight recklessly!
You are too injured to fight recklessly!
You are too injured to fight recklessly!
You are too injured to fight recklessly!
You are too injured to fight recklessly!
You hit Terence but do no damage.
Terence is moderately wounded.
Terence hits you with a +0 mace of holy wrath.
You convulse.
* * * LOW HITPOINT WARNING * * *
You hit Terence.
Terence is heavily wounded.
Terence hits you with a +0 mace of holy wrath.
* * * LOW HITPOINT WARNING * * *
You convulse.
You die...

##..... #...#.# #
# ###...#.#.#
#.##....)..#.#
...........
.......####
#.@....... #.@.#
##.## #.# #.# #.
#####†# #.
#.....######### #.
#.###.........# #.
#.#
#########.#######.
#.# #..........#.


You could see Terence.

Vanquished Creatures
  2 dart slugs
  5 bats
  3 endoplasms (D:1)
  3 goblins
  8 hobgoblins (D:1)
  2 quokkas
  A ball python (D:1)
  4 frilled lizards (D:1)
  A kobold (D:1)
  A rat (D:1)
30 creatures vanquished.

Notes
Turn   | Place    | Note
-------+----------+-------------------------------------------
     0 | D:1      | sammy202020 the Demonspawn Berserker began the quest for
                  | the Orb.
     0 | D:1      | Reached XP level 1. HP: 18/18 MP: 1/1
   119 | D:1      | Found a faded altar of an unknown god.
   163 | D:1      | Gained mutation: You are partially covered in sharp spines.
                  | [demonic ancestry]
   163 | D:1      | Reached XP level 2. HP: 2/24 MP: 2/2
   626 | D:1      | Found Qaodom's Book Shoppe.
   822 | D:1      | Gained mutation: You sometimes gain a little power by
                  | taking damage. [demonic ancestry]
   822 | D:1      | Reached XP level 3. HP: 28/29 MP: 3/3
  1155 | D:1      | Found a basalt altar of Yredelemnul.
  1362 | D:2      | Found a runed translucent door.
  1363 | D:2      | Noticed Crazy Yiuf
  1398 | D:2      | Noticed Terence
  1408 | D:2      | Slain by Terence

Illustrated notes

Levels and vault maps discovered:
D:1:      dpeg_arrival_water_altar, layout_basic, serial_shops, shop,
          basic_ecumenical_altar, minmay_pentomino_s2
D:2:      layout_loops_ring, serial_glass, glass_columns_a, glass_columns_a,
          glass_columns_a, glass_columns_a, feat_on_display, uniq_terence,
          uniq_crazy_yiuf_cottage

Skill      XL: |  1  2 |
---------------+-------+-----
Armour         | 2 |  2.1
Dodging        | 2 |  2.1
Axes           | 3 |  3.1
Fighting       | |  3.5

Action                   || total
-------------------------++-------
Melee: Hand axe          ||    63
  Use: Scroll            ||     2
 Stab: Sleeping          ||     1
Armor: Animal skin       ||     8
       Plate armour      ||    27
Dodge: Dodged            ||    25

Table legend: (Time is in decaauts)
 A = Elapsed time spent in this place.
 B = Non-inter-level travel time spent in this place.
 C = Inter-level travel time spent in this place.
 D = Time resting spent in this place.
 E = Time spent auto-exploring this place.
 F = Levels seen in this place.
 G = Mean time per level.
                   A        B        C        D        E       F      G
               +--------+--------+--------+--------+--------+-----+--------+
         Total |   1424 |   1365 |     59 |      3 |   1114 |   2 |  712.0 |
       Dungeon |   1424 |   1365 |     59 |      3 |   1114 |   2 |  712.0 |
               +--------+--------+--------+--------+--------+-----+--------+

Top non-repeatable levels by time:
     D:1: 1257 daAuts
     D:2: 166 daAuts
